3AA
GLENDALE HERONS @ SAN BERNARDINO GRASSHOPPERS
08/12/2029
 
TOP OF THE 1ST
Glendale Herons batting - Pitching for San Bernardino Grasshoppers : RHP Delmar Llerena
Pitching: RHP Delmar Llerena
Batting: SHB Yun-qi Chien 0-0: Ground out 1-3 (Groundball, P)
Batting: LHB Su-wu Xiao 0-0: Called Strike
0-1: Ball
1-1: Ball
2-1: Ground out 4-3 (Groundball, 4)
Batting: RHB Ellis Greenham 0-0: Ball
1-0: Foul Ball, location: 2F
1-1: Ground out U3 (Groundball, 3)
Top of the 1st over - 0 runs, 0 hits, 0 errors, 0 left on base; Glendale 0 - San Bernardino 0
BOTTOM OF THE 1ST
San Bernardino Grasshoppers batting - Pitching for Glendale Herons : RHP Kagetoki Matsubara
Pitching: RHP Kagetoki Matsubara
Batting: LHB Harold Wiggins 0-0: Foul Ball, location: 2F
0-1: Swinging Strike
0-2: Strikes out swinging
Batting: RHB Kelly Harris 0-0: Ball
1-0: Fly out, F6 (Line Drive, 6M)
Batting: RHB Griffin Woodfinlevine 0-0: Ball
1-0: SINGLE (Flyball, 78S)
Batting: RHB Claudio Tappen 0-0: Foul Ball, location: 2F
0-1: Called Strike
0-2: Ball
1-2: Ground out 5-3 (Groundball, 56S)
Bottom of the 1st over - 0 runs, 1 hit, 0 errors, 1 left on base; Glendale 0 - San Bernardino 0
TOP OF THE 2ND
Glendale Herons batting - Pitching for San Bernardino Grasshoppers : RHP Delmar Llerena
Batting: LHB Jin-song Seah 0-0: Called Strike
0-1: Called Strike
0-2: Ball
1-2: Fly out, F7 (Flyball, 78XD)
Batting: RHB Francisco Guerra 0-0: Ball
1-0: Called Strike
1-1: Ground out 5-3 (Groundball, 56)
Batting: LHB Xu Cheng 0-0: Ball
1-0: Foul Ball, location: 2F
1-1: Foul Ball, location: 2F
1-2: Ball
2-2: SINGLE (Line Drive, 6D)
Batting: RHB Michael Sweeney 0-0: SINGLE (Line Drive, 89M)
Xu Cheng to second
Batting: RHB Hatui Haunani 0-0: Ball
1-0: Ground out 4-3 (Groundball, 4)
Top of the 2nd over - 0 runs, 2 hits, 0 errors, 2 left on base; Glendale 0 - San Bernardino 0
BOTTOM OF THE 2ND
San Bernardino Grasshoppers batting - Pitching for Glendale Herons : RHP Kagetoki Matsubara
Batting: RHB Roberto Ramírez 0-0: Fly out, F5 (Popup, 25F)
Batting: RHB Cisco Feijoo 0-0: Ball
1-0: Foul Ball, location: 2F
1-1: Ball
2-1: Foul Ball, location: 2F
2-2: Ball
3-2: Base on Balls
Batting: RHB Oscar Gandarilla 0-0: Swinging Strike
0-1: Ball
1-1: Ball
2-1: Ground out 4-3 (Groundball, 34)
Cisco Feijoo to second
Batting: RHB Edgardo Bello 0-0: Ground out 6-3 (Groundball, 6)
Bottom of the 2nd over - 0 runs, 0 hits, 0 errors, 1 left on base; Glendale 0 - San Bernardino 0
TOP OF THE 3RD
Glendale Herons batting - Pitching for San Bernardino Grasshoppers : RHP Delmar Llerena
Batting: SHB Jesús Herrera 0-0: Bunted foul
0-1: Ball
1-1: Ball
2-1: Foul Ball, location: 2F
2-2: Ball
3-2: Strikes out looking
Batting: SHB Yun-qi Chien 0-0: Called Strike
0-1: Ball
1-1: Fly out, F6 (Popup, 6)
Batting: LHB Su-wu Xiao 0-0: Ground out U3 (Groundball, 34S)
Top of the 3rd over - 0 runs, 0 hits, 0 errors, 0 left on base; Glendale 0 - San Bernardino 0
BOTTOM OF THE 3RD
San Bernardino Grasshoppers batting - Pitching for Glendale Herons : RHP Kagetoki Matsubara
Batting: RHB Ronald Comejo 0-0: Fly out, F9 (Flyball, 9LSF)
Batting: LHB Harold Wiggins 0-0: Foul Ball, location: 2F
0-1: Swinging Strike
0-2: Foul Ball, location: 2F
0-2: Ball
1-2: Ball
2-2: Foul Ball, location: 2F
2-2: Foul Ball, location: 2F
2-2: Ball
3-2: Strikes out swinging
Batting: RHB Kelly Harris 0-0: Called Strike
0-1: Foul Ball, location: 2F
0-2: Hit by Pitch
Batting: RHB Griffin Woodfinlevine 0-0: Called Strike
Kelly Harris steals 2nd base
0-1: Ball
1-1: Ball
Wild Pitch!
Kelly Harris to third
2-1: Ball
3-1: Swinging Strike
3-2: Strikes out looking
Bottom of the 3rd over - 0 runs, 0 hits, 0 errors, 1 left on base; Glendale 0 - San Bernardino 0
TOP OF THE 4TH
Glendale Herons batting - Pitching for San Bernardino Grasshoppers : RHP Delmar Llerena
Batting: RHB Ellis Greenham 0-0: Called Strike
0-1: Ball
1-1: Ball
2-1: Ground out 4-3 (Groundball, 4)
Batting: LHB Jin-song Seah 0-0: Ball
1-0: Called Strike
1-1: Ball
2-1: Called Strike
2-2: Ground out 4-3 (Groundball, 4)
Batting: RHB Francisco Guerra 0-0: Called Strike
0-1: Ball
1-1: Ball
2-1: SINGLE (Flyball, 34D)
Batting: LHB Xu Cheng 0-0: Ball
1-0: Ball
2-0: SINGLE (Groundball, 6MD)
Francisco Guerra to second
Runner from 2nd tries for 3rd, SAFE, no throw
Batting: RHB Michael Sweeney 0-0: Foul Ball, location: 2F
0-1: Foul Ball, location: 2F
0-2: Ball
1-2: Foul Ball, location: 2F
1-2: Ball
2-2: Foul Ball, location: 2F
2-2: Strikes out looking
Top of the 4th over - 0 runs, 2 hits, 0 errors, 2 left on base; Glendale 0 - San Bernardino 0
BOTTOM OF THE 4TH
San Bernardino Grasshoppers batting - Pitching for Glendale Herons : RHP Kagetoki Matsubara
Batting: RHB Claudio Tappen 0-0: Called Strike
0-1: Ball
1-1: Fly out, F3 (Popup, 34)
Batting: RHB Roberto Ramírez 0-0: Fly out, F8 (Line Drive, 8LXD)
Batting: RHB Cisco Feijoo 0-0: Called Strike
0-1: Ball
1-1: Swinging Strike
1-2: Strikes out swinging
Bottom of the 4th over - 0 runs, 0 hits, 0 errors, 0 left on base; Glendale 0 - San Bernardino 0
TOP OF THE 5TH
Glendale Herons batting - Pitching for San Bernardino Grasshoppers : RHP Delmar Llerena
Batting: RHB Hatui Haunani 0-0: Called Strike
0-1: Foul Ball, location: 2F
0-2: Foul Ball, location: 2F
0-2: Strikes out swinging
Batting: SHB Jesús Herrera 0-0: Called Strike
0-1: Ball
1-1: Called Strike
1-2: Ball
2-2: Ball
3-2: Strikes out swinging
Batting: SHB Yun-qi Chien 0-0: Ball
1-0: Called Strike
1-1: Ball
2-1: Ground out 6-3 (Groundball, 6MS)
Top of the 5th over - 0 runs, 0 hits, 0 errors, 0 left on base; Glendale 0 - San Bernardino 0
BOTTOM OF THE 5TH
San Bernardino Grasshoppers batting - Pitching for Glendale Herons : RHP Kagetoki Matsubara
Batting: RHB Oscar Gandarilla 0-0: Ball
1-0: Ball
2-0: Called Strike
2-1: Ground out 4-3 (Groundball, 4)
Batting: RHB Edgardo Bello 0-0: Ball
1-0: Ball
2-0: Called Strike
2-1: Ball
3-1: Base on Balls
Batting: RHB Ronald Comejo 0-0: Foul Ball, location: 2F
0-1: Foul Ball, location: 2F
0-2: Ball
1-2: Ball
2-2: Foul Ball, location: 2F
2-2: Foul Ball, location: 2F
2-2: Ball
3-2: Foul Ball, location: 2F
3-2: Base on Balls
Edgardo Bello to second
Batting: LHB Harold Wiggins 0-0: Ball
1-0: Ball
2-0: Called Strike
2-1: Ball
3-1: Foul Ball, location: 2F
3-2: Strikes out swinging
Batting: RHB Kelly Harris 0-0: Called Strike
0-1: Ball
1-1: Ball
2-1: Foul Ball, location: 2F
2-2: Foul Ball, location: 2F
2-2: Strikes out looking
Bottom of the 5th over - 0 runs, 0 hits, 0 errors, 2 left on base; Glendale 0 - San Bernardino 0
TOP OF THE 6TH
Glendale Herons batting - Pitching for San Bernardino Grasshoppers : RHP Delmar Llerena
Batting: LHB Su-wu Xiao 0-0: Ball
1-0: Ball
2-0: Ball
3-0: Called Strike
3-1: Ground out U3 (Groundball, 34)
Batting: RHB Ellis Greenham 0-0: Called Strike
0-1: Ball
1-1: Ball
2-1: TRIPLE (Flyball, 9D)
Batting: LHB Jin-song Seah 0-0: Ball
1-0: SINGLE (Line Drive, 56)
Ellis Greenham scores
Batting: RHB Francisco Guerra 0-0: Ball
1-0: Swinging Strike
1-1: Foul Ball, location: 2F
1-2: Grounds into double play, 6-4-3 (Groundball, 6)
Top of the 6th over - 1 run, 2 hits, 0 errors, 0 left on base; Glendale 1 - San Bernardino 0
BOTTOM OF THE 6TH
San Bernardino Grasshoppers batting - Pitching for Glendale Herons : RHP Kagetoki Matsubara
Batting: RHB Griffin Woodfinlevine 0-0: DOUBLE (Line Drive, 7LM)
Pitching: RHP José Peña
Batting: RHB Claudio Tappen 0-0: Ball
1-0: Ball
2-0: Ball
3-0: Base on Balls
Batting: RHB Roberto Ramírez 0-0: Ball
1-0: Foul Ball, location: 2F
1-1: Ball
2-1: Ball
3-1: Foul Ball, location: 2F
3-2: SINGLE (Flyball, 5D)
Griffin Woodfinlevine to third
Claudio Tappen to second
Batting: RHB Cisco Feijoo 0-0: Called Strike
0-1: Foul Ball, location: 2F
0-2: Foul Ball, location: 2F
0-2: Ball
1-2: Ball
2-2: Foul Ball, location: 2F
2-2: Grounds into fielders choice 1-2 (Groundball, P)
Claudio Tappen to third
Roberto Ramírez to second
Batting: RHB Oscar Gandarilla 0-0: Ground out 5-3 (Groundball, 5S)
Claudio Tappen scores
Roberto Ramírez to third
Cisco Feijoo to second
Batting: RHB Edgardo Bello 0-0: Swinging Strike
0-1: Ball
1-1: Reached on error, E6 (Groundball, 6)
Roberto Ramírez scores
Cisco Feijoo scores
Batting: RHB Ronald Comejo 0-0: Ball
1-0: Ball
2-0: Swinging Strike
2-1: Swinging Strike
2-2: Strikes out looking
Bottom of the 6th over - 3 runs, 2 hits, 1 error, 1 left on base; Glendale 1 - San Bernardino 3
TOP OF THE 7TH
Glendale Herons batting - Pitching for San Bernardino Grasshoppers : RHP Delmar Llerena
Batting: LHB Xu Cheng 0-0: Ball
1-0: Ball
2-0: Foul Ball, location: 2F
2-1: Foul Ball, location: 2F
2-2: Fly out, F7 (Flyball, 7LM)
Batting: RHB Michael Sweeney 0-0: Ball
1-0: Fly out, F9 (Flyball, 9D)
Batting: RHB Hatui Haunani 0-0: Ball
1-0: Foul Ball, location: 2F
1-1: Ground out 4-3 (Groundball, 4S)
Top of the 7th over - 0 runs, 0 hits, 0 errors, 0 left on base; Glendale 1 - San Bernardino 3
BOTTOM OF THE 7TH
San Bernardino Grasshoppers batting - Pitching for Glendale Herons : RHP José Peña
Batting: LHB Harold Wiggins 0-0: Fly out, F5 (Line Drive, 5SF)
Batting: RHB Kelly Harris 0-0: Called Strike
0-1: Swinging Strike
0-2: Foul Ball, location: 2F
0-2: Ball
1-2: Ball
2-2: Ground out 6-3 (Groundball, 56)
Batting: RHB Griffin Woodfinlevine 0-0: Called Strike
0-1: Ball
1-1: Foul Ball, location: 2F
1-2: SINGLE (Groundball, 56) (infield hit)
Batting: RHB Claudio Tappen 0-0: Called Strike
0-1: Foul Ball, location: 2F
0-2: Ball
1-2: Foul Ball, location: 2F
1-2: Fly out, F7 (Flyball, 7S)
Bottom of the 7th over - 0 runs, 1 hit, 0 errors, 1 left on base; Glendale 1 - San Bernardino 3
TOP OF THE 8TH
Glendale Herons batting - Pitching for San Bernardino Grasshoppers : RHP Delmar Llerena
Batting: SHB Jesús Herrera 0-0: Ball
1-0: Ball
2-0: Called Strike
2-1: Ball
3-1: Called Strike
3-2: Strikes out swinging
Batting: SHB Yun-qi Chien 0-0: Called Strike
0-1: Foul Ball, location: 2F
0-2: Ball
1-2: Foul Ball, location: 2F
1-2: SINGLE (Line Drive, 9LS)
Batting: LHB Su-wu Xiao 0-0: Foul Ball, location: 2F
0-1: Ball
1-1: Ball
2-1: Fly out, F8 (Flyball, 8RD)
Pitching: RHP Edward Ayers
Batting: RHB Ellis Greenham 0-0: Foul Ball, location: 2F
0-1: Ball
1-1: SINGLE (Line Drive, 8RS)
Yun-qi Chien to second
Runner from 2nd tries for 3rd, SAFE, no throw
Batting: LHB Jin-song Seah 0-0: Ball
1-0: Swinging Strike
1-1: Foul Ball, location: 2F
1-2: Ground out 4-3 (Groundball, 4)
Top of the 8th over - 0 runs, 2 hits, 0 errors, 2 left on base; Glendale 1 - San Bernardino 3
BOTTOM OF THE 8TH
San Bernardino Grasshoppers batting - Pitching for Glendale Herons : RHP José Peña
Batting: RHB Roberto Ramírez 0-0: Called Strike
0-1: Called Strike
0-2: Ball
1-2: Foul Ball, location: 2F
1-2: Foul Ball, location: 2F
1-2: SINGLE (Line Drive, 56)
Batting: RHB Cisco Feijoo 0-0: Ball
1-0: Swinging Strike
1-1: Ball
2-1: Called Strike
2-2: DOUBLE (Line Drive, 7LM)
Roberto Ramírez to third
Pitching: RHP Víctor Torres
Pinch Hitting: LHB Ubbe van Antwerpen 0-0: Intentional Walk
Batting: RHB Edgardo Bello 0-0: Ball
1-0: Ball
2-0: Foul Ball, location: 2F
2-1: Foul Ball, location: 2F
2-2: Strikes out swinging
Batting: RHB Ronald Comejo 0-0: Called Strike
0-1: Ball
1-1: Ball
2-1: Foul Ball, location: 2F
2-2: Foul Ball, location: 2F
2-2: Strikes out swinging
Batting: LHB Harold Wiggins 0-0: Called Strike
0-1: Ball
1-1: Ball
2-1: Called Strike
2-2: Ball
3-2: Ground out 4-3 (Groundball, 4M)
Bottom of the 8th over - 0 runs, 2 hits, 0 errors, 3 left on base; Glendale 1 - San Bernardino 3
TOP OF THE 9TH
Glendale Herons batting - Pitching for San Bernardino Grasshoppers : RHP Edward Ayers
Now at 2B: Jorge Durán
Batting: RHB Francisco Guerra 0-0: Called Strike
0-1: Ball
1-1: Ball
2-1: Ball
3-1: Base on Balls
Batting: LHB Xu Cheng 0-0: Called Strike
0-1: Ball
1-1: Fielders Choice at 2nd, 4-6 (Groundball, 4)
Batting: RHB Michael Sweeney 0-0: Called Strike
0-1: Foul Ball, location: 2F
0-2: Strikes out looking
Pinch Hitting: LHB Jerry Wilson 0-0: Ball
1-0: Foul Ball, location: 2F
1-1: Called Strike
1-2: Foul Ball, location: 2F
1-2: Ball
2-2: Foul Ball, location: 2F
2-2: Ball
3-2: Fly out, F8 (Flyball, 8LM)
Top of the 9th over - 0 runs, 0 hits, 0 errors, 1 left on base; Glendale 1 - San Bernardino 3
Tuesday, December 19th, 2017 - OOTP Baseball 18.8 Build 76